 Dungeon Crawl Stone Soup version 0.20-a0-681-gf83e07f (webtiles) character file.

28231 Alarkh the Carver (level 13, -2/96 HPs)
             Began as a Mummy Skald on Feb 18, 2017.
             Was a High Priest of Okawaru.
             Slain by a two-headed ogre
             ... wielding a +0 giant club of flaming
              (3 damage)
             ... in a volcano.
             The game lasted 00:36:03 (15447 turns).

Alarkh the Carver (Mummy Skald)                    Turns: 15447, Time: 00:36:04

Health: -2/96      AC: 10    Str: 14    XL:     13   Next: 8%
Magic:  12/23      EV: 17    Int: 20    God:    Okawaru [*****.]
Gold:   675        SH:  0    Dex: 12    Spells: 12/26 levels left

rFire    x . .     SeeInvis .   g - +1 great sword (flame)
rCold    + . .     Gourm    .   B - +2 leather armour {rN+}
rNeg     + + +     Faith    .   (shield currently unavailable)
rPois    ∞         Spirit   .   d - +0 helmet
rElec    .         Reflect  .   i - +0 cloak
rCorr    .         Harm     .   J - +0 pair of gloves (curse)
MR       ++...                  p - +0 pair of boots {run}
Stlth    +++.......             r - amulet of regeneration
Regen    0.7/turn               H - ring of protection from magic
MPRegen  0.2/turn               m - +3 ring of intelligence

@: heroism, quick
A: no food or potions, fire vulnerability, cold resistance 1, negative energy
resistance 3, torment resistance, unbreathing, in touch with death 1
a: Heroism, Finesse, Renounce Religion


You were in a volcano.
You worshipped Okawaru.
Okawaru was extremely pleased with you.
You were not hungry.

You visited 3 branches of the dungeon, and saw 16 of its levels.
You also visited: Volcano.

You collected 895 gold pieces.
You spent 220 gold pieces at shops.

Inventory:

Hand Weapons
 a - a +0 falchion
 c - a +2 scimitar of holy wrath
 g - a +1 great sword of flaming (weapon)
 y - the +1 triple crossbow of Varphext {velocity, rF+ Str+4, unknown}
   (Okawaru gifted it to you in a volcano)

   Any bolt fired from it inflicts extra damage.
   It affects your strength (+4).
   It protects you from fire.
Armour
 d - a +0 helmet (worn)
 f - a +2 pair of boots
 i - a +0 cloak (worn)
 l - a +2 chain mail of fire resistance
 p - a +0 pair of boots of running (worn)
 B - a +2 leather armour of positive energy (worn)
 C - a +0 robe of fire resistance
 J - a cursed +0 pair of gloves (worn)
Magical Staves
 n - an uncursed staff of power
Jewellery
 m - a +3 ring of intelligence (left hand)
 q - an uncursed ring of protection from magic
 r - an amulet of regeneration (around neck)
 H - a ring of protection from magic (right hand)
Wands
 b - a wand of polymorph (12/24)
 j - a wand of scattershot (6/9)
 t - a wand of iceblast (3/15)
 u - a wand of lightning (3/15)
 v - a wand of disintegration (12/24)
 z - a wand of paralysis (3/24)
 A - a wand of enslavement (2/24)
Scrolls
 e - a scroll of identify
 h - 9 scrolls of teleportation
 k - 13 scrolls of remove curse
 s - a scroll of recharging
 w - 2 scrolls of magic mapping
Books
 x - a book of Debilitation

   Spells                             Type                      Level
   a - Corona                         Hexes                        1
   b - Slow                           Hexes                        2
   c - Gell's Gravitas                Hexes/Translocation          3
   d - Inner Flame                    Hexes/Fire                   3
   e - Cause Fear                     Hexes                        4
   f - Leda's Liquefaction            Hexes/Earth                  4
Miscellaneous
 o - a lightning rod (4/4)


   Skills:
 + Level 7.4(12.4) Fighting
 * Level 12.6(17.6) Long Blades
 - Level 0.7(5.7) Armour
 + Level 6.0(11.0) Dodging
 - Level 7.0 Spellcasting
 - Level 8.0 Conjurations
 - Level 7.0 Charms


You had 12 spell levels left.
You knew the following spells:

 Your Spells              Type           Power        Failure   Level  Hunger
a - Spectral Weapon       Hex/Chrm       ###.....     10%         3    N/A
b - Blink                 Tloc           N/A          21%         2    N/A
c - Shroud of Golubria    Chrm/Tloc      ###.......   4%          2    N/A
d - Infusion              Chrm           ####         1%          1    N/A
e - Conjure Flame         Conj/Fire      ###.....     10%         3    N/A
r - Mephitic Cloud        Conj/Pois/Air  ###.....     14%         3    N/A

Dungeon Overview and Level Annotations

Branches:
Dungeon (10/15)            Temple (1/1) D:6            Lair (5/6) D:9
  Swamp (0/4) Lair:4        Snake (0/4) Lair:3
  Slime: Lair:5-6       Orc: D:9-12

Altars:
Ashenzari
Cheibriados
Dithmenos
Elyvilon
Fedhas
Gozag
Hepliaklqana
Kikubaaqudgha
Makhleb
Nemelex Xobeh
Okawaru
Qazlal
Ru
Sif Muna
Trog
Uskayaw
Vehumet
Xom
Yredelemnul
Zin
The Shining One
Jiyva

Shops:
D:7 :

Annotations:
D:7 1 exclusion
Lair:5 1 runed door


Innate Abilities, Weirdness & Mutations

You do not eat or drink.
Your flesh is vulnerable to fire.
You are immune to poison.
Your flesh is cold resistant. (rC+)
You are immune to negative energy. (rN+++)
You are immune to unholy pain and torment.
You can survive without breathing.
You are in touch with the powers of death.


Message History

You hit the two-headed ogre but do no damage.
The two-headed ogre is moderately wounded.
* * * LOW HITPOINT WARNING * * *
The two-headed ogre shouts in stereo!
Unknown command.
Evoke which item? (* to show all) (? for menu, Esc to quit)
Aiming: Iceblast (will waste charges)
Press: ? - help, Shift-Dir - straight line The mass of ice explodes!
The iceblast engulfs the two-headed ogre.
The two-headed ogre is almost dead.
Evoking this partially-identified wand wasted a few charges.
The two-headed ogre hits you with a giant club of flaming.
* * * LOW HITPOINT WARNING * * *
The two-headed ogre burns you.
* * * LOW HITPOINT WARNING * * *
The two-headed ogre hits you with a giant club of flaming!
* * * LOW HITPOINT WARNING * * *
The two-headed ogre burns you.
You die...

#### #'# ##..### #.#
##...#.###.##
##.....###8)8#
##...§...##..)#
#....≈§.......##
##....≈≈≈.......#
###O.§§§≈≈≈≈......#
##.@..§≈≈≈≈≈≈§≈.....
####....§§§≈§≈≈§§≈≈§...
###§#.....§≈≈≈≈§≈≈≈§≈≈≈..
#...§....≈§§§§§§≈§≈≈§≈≈..
#...§.§§§§§≈≈§≈≈≈≈§§§≈≈..
###.§§§≈§§§§§≈≈≈§≈≈§§≈§..
##.§§§§≈≈≈≈≈≈≈≈≈≈≈§≈≈..
###§§§≈≈≈≈≈≈≈§≈≈§≈≈≈≈..#
##.##..≈≈≈§§≈≈≈§≈≈≈≈≈..##


You could see a two-headed ogre.

Vanquished Creatures
  An ogre mage (Volcano)
  A death yak (Lair:2)
  3 hydras
  3 two-headed ogres (Volcano)
  A hell knight (Volcano)
  Pikel (D:6)
  Maurice (D:9)
  Joseph (D:8)
  11 spiny frogs
  5 komodo dragons
  3 meliai (Lair:4)
  A queen bee (Lair:4)
  6 dream sheep (Lair:4)
  3 blink frogs (Lair:4)
  A bog body (Lair:4)
  8 hippogriffs
  36 yaks
  5 fire bats (Volcano)
  A wyvern (D:8)
  3 basilisks
  4 vampire mosquitoes (D:9)
  3 nagas (Lair:3)
  2 porcupines
  A hornet zombie (D:6)
  6 water moccasins
  An orc warrior (D:9)
  A phantom (D:8)
  A sky beast (D:8)
  An ice beast (D:6)
  A slave (D:6)
  A black bear (D:7)
  A necrophage (D:7)
  2 ogres (D:8)
  3 centaurs (D:9)
  15 crocodiles
  2 big kobolds
  12 bullfrogs
  3 scorpions
  12 killer bees (Lair:4)
  3 electric eels (Lair:4)
  2 howler monkeys
  A crimson imp (D:5)
  6 lava snakes
  2 quasits
  A bullfrog zombie (D:6)
  A centaur zombie (D:10)
  2 hounds
  3 jellies
  2 orc priests
  6 iguanas
  5 orc wizards
  5 worker ants
  A killer bee zombie (D:10)
  2 hound zombies
  A hound skeleton (D:8)
  A howler monkey skeleton (D:4)
  8 river rats (D:5)
  13 adders
  An ooze (D:3)
  2 adder skeletons
  3 worms
  A dart slug (D:5)
  9 leopard geckos
  24 orcs
  A ball python (D:3)
  5 giant cockroaches
  6 goblins
  8 hobgoblins
  15 jackals
  A quokka (D:3)
  8 bats
  5 frilled lizards
  A jackal skeleton (D:5)
  19 kobolds
  A leopard gecko skeleton (D:4)
  A leopard gecko zombie (D:5)
  A quokka skeleton (D:6)
  A quokka zombie (D:5)
  24 rats
369 creatures vanquished.

Vanquished Creatures (others)
  6 fungi
  18 plants
  13 spectral weapons
37 creatures vanquished.

Grand Total: 406 creatures vanquished

Notes
Turn   | Place    | Note
-------+----------+-------------------------------------------
     0 | D:1      | Alarkh the Mummy Skald began the quest for the Orb.
     0 | D:1      | Reached XP level 1. HP: 16/16 MP: 4/4
   179 | D:1      | Reached skill level 2 in Long Blades
   204 | D:1      | Reached XP level 2. HP: 21/22 MP: 0/5
   885 | D:2      | Reached skill level 3 in Long Blades
   885 | D:2      | Reached XP level 3. HP: 27/27 MP: 0/7
  1388 | D:2      | Found a blossoming altar of Fedhas.
  1523 | D:3      | Reached XP level 4. HP: 33/33 MP: 4/8
  1756 | D:2      | Learned a level 2 spell: Shroud of Golubria
  1760 | D:2      | Learned a level 3 spell: Spectral Weapon
  2363 | D:3      | Found a shimmering altar of Xom.
  2421 | D:3      | Found a shimmering altar of Xom.
  2811 | D:3      | Reached XP level 5. HP: 36/38 MP: 2/9
  2821 | D:3      | Reached skill level 4 in Long Blades
  2848 | D:3      | Found a glowing golden altar of the Shining One.
  3476 | D:4      | Noticed a moth of wrath
  3478 | D:4      | Found a bloodstained altar of Trog.
  3613 | D:4      | Reached XP level 6. HP: 19/44 MP: 12/12
  4369 | D:5      | Entered Level 5 of the Dungeon
  4566 | D:5      | Reached XP level 7. HP: 50/50 MP: 14/14
  4574 | D:5      | Found a snail-covered altar of Cheibriados.
  4628 | D:5      | Reached skill level 5 in Spellcasting
  4931 | D:5      | Reached skill level 5 in Long Blades
  5054 | D:6      | Noticed Pikel
  5253 | D:7      | Found Cucam's Book Shop.
  5261 | D:7      | Bought a book of Minor Magic for 220 gold pieces
  5264 | D:7      | Learned a level 2 spell: Blink
  5268 | D:7      | Learned a level 3 spell: Conjure Flame
  5312 | D:7      | Noticed a hippogriff
  5325 | D:7      | Killed a hippogriff
  5325 | D:7      | Reached XP level 8. HP: 41/56 MP: 15/17
  5536 | D:7      | Reached skill level 5 in Charms
  5560 | D:7      | You fall through a shaft for 3 floors!
  5560 | D:10     | Entered Level 10 of the Dungeon
  5775 | D:10     | Noticed a hippogriff
  5809 | D:10     | Killed a hippogriff
  5809 | D:10     | Reached skill level 6 in Long Blades
  5809 | D:10     | Reached skill level 1 in Conjurations
  6086 | D:7      | Noticed a hippogriff
  6096 | D:7      | Killed a hippogriff
  6104 | D:7      | Reached XP level 9. HP: 39/61 MP: 19/19
  6412 | D:7      | Learned a level 3 spell: Mephitic Cloud
  6463 | D:6      | Killed Pikel
  6563 | D:6      | Reached skill level 7 in Long Blades
  6627 | D:6      | Found a staircase to the Ecumenical Temple.
  6635 | Temple   | Entered the Ecumenical Temple
  6845 | Temple   | Became a worshipper of Warmaster Okawaru
  6877 | D:6      | Found a deep blue altar of Sif Muna.
  6877 | D:6      | Found a sacrificial altar of Ru.
  7520 | D:8      | Noticed Joseph
  7533 | D:8      | Killed Joseph
  7533 | D:8      | Reached * piety under Okawaru
  7533 | D:8      | Reached skill level 5 in Conjurations
  7533 | D:8      | Reached XP level 10. HP: 46/67 MP: 18/20
  7640 | D:8      | Found a hazy altar of Hepliaklqana.
  7844 | D:8      | Found a shattered altar of Ashenzari.
  8340 | D:9      | Reached skill level 8 in Long Blades
  8398 | D:9      | Found a shattered altar of Ashenzari.
  8445 | D:9      | Reached ** piety under Okawaru
  8783 | D:9      | Found a staircase to the Lair.
  8826 | D:9      | Noticed Maurice
  9278 | D:9      | Found a shattered altar of Ashenzari.
  9377 | D:9      | Killed Maurice
  9487 | Lair:1   | Entered Level 1 of the Lair of Beasts
  9534 | Lair:1   | Reached skill level 9 in Long Blades
  9537 | Lair:1   | Noticed a seven-headed hydra
  9538 | Lair:1   | Reached *** piety under Okawaru
  9550 | Lair:1   | Killed a seven-headed hydra
  9729 | Lair:1   | Reached XP level 11. HP: 7/72 MP: 14/21
  9921 | Lair:1   | Found a shadowy altar of Dithmenos.
 10053 | Lair:1   | Noticed a seven-headed hydra
 10080 | Lair:1   | Killed a seven-headed hydra
 10080 | Lair:1   | Reached **** piety under Okawaru
 10319 | Lair:1   | Reached skill level 10 in Long Blades
 11341 | Lair:2   | Reached ***** piety under Okawaru
 11356 | Lair:2   | Received a gift from Okawaru
 12076 | Lair:2   | Noticed a death yak
 12080 | Lair:2   | Noticed a death yak
 12080 | Lair:2   | Noticed a death yak
 12081 | Lair:2   | Noticed a death yak
 12082 | Lair:2   | Noticed a death yak
 12184 | Lair:2   | Noticed a death yak
 12193 | Lair:2   | Killed a death yak
 12585 | Lair:3   | Found a staircase to the Snake Pit.
 12594 | Lair:3   | Reached skill level 11 in Long Blades
 12730 | Lair:3   | Reached XP level 12. HP: 80/84 MP: 18/22
 13055 | Lair:4   | Received a gift from Okawaru
 13067 | Lair:4   | Identified a +0 pair of boots of running (Okawaru gifted it to you on level 4 of the Lair of Beasts)
 13085 | Lair:4   | Reached skill level 5 in Fighting
 13333 | Lair:4   | Noticed a four-headed hydra
 13342 | Lair:4   | Killed a one-headed hydra
 13468 | Lair:4   | Reached skill level 5 in Dodging
 13564 | Lair:4   | Reached skill level 12 in Long Blades
 14218 | Lair:4   | Found a staircase to the Swamp.
 14605 | Lair:5   | Found a runed door.
 14605 | Lair:5   | Found a viscous altar of Jiyva.
 14717 | Lair:5   | Found a dark tunnel.
 14734 | Volcano  | Entered a volcano
 15381 | Volcano  | Noticed a two-headed ogre
 15381 | Volcano  | Noticed a two-headed ogre
 15388 | Volcano  | Noticed an ogre mage
 15389 | Volcano  | Killed a two-headed ogre
 15390 | Volcano  | Killed a two-headed ogre
 15392 | Volcano  | Noticed a two-headed ogre
 15406 | Volcano  | Killed an ogre mage
 15406 | Volcano  | Received a gift from Okawaru
 15406 | Volcano  | Gained mutation: You are in touch with the powers of death. [Mummy growth]
 15406 | Volcano  | Reached XP level 13. HP: 53/96 MP: 8/23
 15419 | Volcano  | Got a jewelled triple crossbow {god gift}
 15447 | Volcano  | HP: 1/96 [two-headed ogre/giant club of flaming (13)]
 15447 | Volcano  | Slain by a two-headed ogre

Vault maps used:
D:1:      dpeg_arrival_windows_large_door
D:2:      fedhas_altar_fruit_tree
D:3:      kennysheep_six_static_rooms, marbit_many_paths, xom_redecorated
D:4:      tgw_trog
D:5:      kennysheep_slug_shrine, serial_glass, glass_columns_b,
          glass_columns_a, first_bread, dk_rats_in_the_wall
D:6:      amethyst_overflow_temple_binary,
          minmay_temple_entry_statues_fountains, uniq_pikel
D:7:      cheibrodos_quashed, serial_shops, shop_fountains
D:8:      overflow_temple_1_default, grunt_decor_arrowhead,
          evilmike_ruin_ashenzari, uniq_joseph
D:9:      ashenzari_conservatory_becter, lair_entry_dummy, uniq_maurice
D:10:     serial_glass, glass_columns_b, glass_columns_a, feat_on_display,
          minmay_strange_pillars, item_on_display_a, minmay_strange_pillars,
          hangedman_little_slice_of_home
Temple:   eino_narrow_crystal_temple
Lair:1:   basic_altar, hangedman_lair_generics_rect, grunt_megastairs_2,
          serial_bayou_shore_a
Lair:2:   infiniplex_staircase_pool, grunt_megastairs_4
Lair:3:   minmay_snake_entry_guardpost_small, minmay_stone_trees_small
Lair:4:   swamp_mist, special_room, serial_bayou, serial_bayou_pond_d,
          serial_bayou_lake_a, serial_bayou_lagoon_a, serial_bayou_pond_b,
          grunt_megastairs_3
Lair:5:   slime_altar_2, lightli_volcano_entry_magma_tube
Volcano:  volcano_grotto

Skill      XL: |  1  2  3  4  5  6  7  8  9 10 11 12 13 |
---------------+----------------------------------------+-----
Long Blades    | 2 3 4 5 6 7 9 11 12 | 12.6
Spellcasting   | 3 4 6 7 |  7.0
Charms         | 3 4 5 7 |  7.0
Conjurations   | 2 5 7 8 |  8.0
Dodging        | 3 5 6 |  6.0
Fighting       | 4 7 |  7.4
Armour         | |  0.7

Action                   |  1- 3 |  4- 6 |  7- 9 | 10-12 | 13-15 || total
-------------------------+-------+-------+-------+-------+-------++-------
Melee: Falchion          |   100 |   178 |   390 |   318 |       ||   986
       Punch             |       |       |       |     2 |       ||     2
       Unarmed           |       |       |       |     1 |       ||     1
       Great sword       |       |       |       |   249 |    11 ||   260
 Cast: Infusion          |    14 |    13 |     3 |       |       ||    30
       Spectral Weapon   |       |    22 |    43 |    86 |       ||   151
       Shroud of Golubri |       |     1 |     1 |     6 |       ||     8
       Conjure Flame     |       |       |    11 |    47 |       ||    58
       Mephitic Cloud    |       |       |     4 |    23 |       ||    27
       Blink             |       |       |     1 |       |       ||     1
Invok: Heroism           |       |       |       |     9 |     1 ||    10
       Finesse           |       |       |       |     1 |       ||     1
Evoke: Wand              |       |       |       |     4 |     1 ||     5
  Use: Scroll            |     1 |     4 |     7 |     9 |       ||    21
 Stab: Distracted        |       |     1 |     1 |     3 |       ||     5
       Confused          |       |       |     1 |    12 |       ||    13
       Paralysed         |       |       |       |    12 |       ||    12
Armor: Leather armour    |    40 |    89 |   122 |   177 |       ||   428
       Robe              |       |       |    21 |       |       ||    21
Dodge: Dodged            |    81 |   116 |   217 |   364 |     2 ||   780
       Rpst.: Falchion   |    25 |    39 |    61 |    46 |       ||   171
       Great sword       |       |       |       |    54 |       ||    54
